AoeStats
← Fairy22

African Clearing

510959592Analyzed
4v4 RM · 15h ago on Oct 3, 2026· 39m 9s· 8 players
Game mode
Random Map
Map size
Large (8 player)
Population
200
Speed
Normal
Resources
Standard
Victory
Conquest
Starting age
Dark Age
Ending age
Imperial Age
RankedLock teamsTeams togetherTeam positionsShared explorationLock speedFull tech treeHidden civsTurbo modeCheats
Victory
Defeat
1277
+11
🇨🇳 Koreans · China
1237
+12
🇨🇳 Burgundians · China
1078
+19
🇨🇳 Wu · China
1067
+19
🇦🇷 Berbers · Argentina
1162
-16
🇨🇳 Huns · China
1156
-16
🇨🇳 Mongols · China
1153
-15
🇰🇿 Franks · Kazakhstan
1112
-14
130农在出兵
emu
4:07 Loom
13:32 Feudal Age
14:02 Double-Bit Axe
19:02 Forging
19:41 Bloodlines
22:17 Castle Age
21:32 Scale Barding Armor
23:42 Fletching
25:41 Bodkin Arrow
28:26 Ballistics
30:58 Padded Archer Armor
32:26 Leather Archer Armor
34:01 Thumb Ring
33:54 Horse Collar
40:30 Imperial Age
lxc
10:31 Loom
13:03 Feudal Age
13:37 Double-Bit Axe
21:13 Castle Age
20:02 Padded Archer Armor
19:52 Fletching
21:01 Bloodlines
31:54 Leather Archer Armor
35:51 Wheelbarrow
36:41 Bodkin Arrow
37:57 Hand Cart
Samuraika01
5:12 Loom
16:34 Feudal Age
17:13 Double-Bit Axe
24:57 Castle Age
25:22 Light Cavalry
26:08 Husbandry
27:30 Wheelbarrow
27:50 Bow Saw
29:37 Forging
31:28 Scale Barding Armor
32:59 Iron Casting
高老头子
6:11 Loom
6:32 Loom
12:40 Feudal Age
15:48 Man-at-Arms
17:39 Forging
19:40 Arson
25:52 Castle Age
24:26 Double-Bit Axe
26:04 Scale Mail Armor
30:45 Fletching
31:13 Chain Mail Armor
30:54 Fishing Lines
32:03 Padded Archer Armor
32:32 Squires
34:18 Iron Casting
33:38 Bodkin Arrow
34:00 Gold Mining
36:50 Bodkin Arrow
精神老头
15:25 Feudal Age
16:02 Double-Bit Axe
20:52 Castle Age
19:57 Bow Saw
20:24 Gold Mining
21:11 Loom
23:52 Pikeman
24:49 Squires
27:00 Cavalier
30:12 Gold Shaft Mining
31:25 Horse Collar
34:55 Forging
35:58 Heavy Plow
传奇耐电王汤恩伯
6:13 Loom
15:48 Feudal Age
16:41 Double-Bit Axe
17:12 Horse Collar
19:35 Castle Age
29:17 Scale Barding Armor
30:10 Wheelbarrow
30:30 Town Watch
33:00 Bloodlines
33:11 Scale Mail Armor
33:36 Chain Barding Armor
34:26 Heavy Plow
34:39 Husbandry
35:35 Forging
36:53 Iron Casting
36:24 Gold Mining
Fairy22
4:16 Loom
12:47 Feudal Age
20:08 Castle Age
18:20 Double-Bit Axe
21:44 Bow Saw
24:19 Fletching
25:05 Fervor
30:43 Bodkin Arrow
33:40 Eupseong
34:35 Horse Collar
35:29 Scale Mail Armor
35:29 Stone Mining
41:55 Imperial Age
39:30 Gold Mining
Connection lost

Rejoining the realm…

Still unreachable

The connection could not be restored.

Session expired

The server has moved on; the page needs a fresh start.